 Dungeon Crawl Stone Soup version 0.17.0-18-gaab0e96 (webtiles) character file.

815 HaroldButt the Firebug (level 8, -1/41 HPs)
             Began as a Kobold Fire Elementalist on Nov 11, 2015.
             Was a Follower of Vehumet.
             Succumbed to poison (a potion of poison)
             ... on level 4 of the Dungeon.
             The game lasted 00:25:03 (6290 turns).

HaroldButt the Firebug (Kobold Fire Elementalist)   Turns: 6290, Time: 00:25:03

Health: -1/41      AC:  2    Str:  5 (7)  XL:     8   Next: 16%
Magic:  9/13       EV: 15    Int: 13      God:    Vehumet [*.....]
Gold:   215        SH:  0    Dex: 16      Spells: 4 memorised, 3 levels left

rFire  . . .     SeeInvis .     m - +0 rapier
rCold  . . .     Clarity  .     a - +0 robe
rNeg   . . .     SustAt   .     (shield restricted)
rPois  .         Gourm    .     (no helmet)
rElec  .         Spirit   .     (no cloak)
rCorr  .         Warding  .     (no gloves)
rMut   .         Stasis   .     (no boots)
MR     +....                    (no amulet)
Stlth  ++........               (no ring)
                                (no ring)

@: lethally poisoned (-1 -> -28), very slightly contaminated, hasted, invisible,
very quick, somewhat resistant to hostile enchantments, unstealthy
A: carnivore 3, dopey 1, magic resistance 1, mutation resistance 1
a: Renounce Religion


You were on level 4 of the Dungeon.
You worshipped Vehumet.
Vehumet was aware of your devotion.
You were full.

You visited 1 branch of the dungeon, and saw 4 of its levels.

You collected 215 gold pieces.

Inventory:

Hand Weapons
 m - a +0 rapier (weapon)
 n - a +0 spear
Missiles
 f - 4 poisoned tomahawks (quivered)
Armour
 a - a +0 robe (worn)
Scrolls
 o - a scroll of noise {unknown}
Potions
 e - 3 potions of flight
 g - a potion of brilliance
 h - a potion of invisibility
 j - a potion of degeneration
 l - a potion of might {unknown}
Books
 b - a book of Flames

   Spells                             Type                      Level
   a - Flame Tongue                   Conjuration/Fire             1
   b - Throw Flame                    Conjuration/Fire             2
   c - Conjure Flame                  Conjuration/Fire             3
   d - Inner Flame                    Hexes/Fire                   3
   e - Sticky Flame                   Conjuration/Fire             4
   f - Fireball                       Conjuration/Fire             5
Comestibles
 c - 2 meat rations


   Skills:
 - Level 2.4 Dodging
 - Level 2.6 Stealth
 + Level 3.4 Spellcasting
 * Level 5.4 Conjurations
 * Level 6.0 Fire Magic


You had 3 spell levels left.
You knew the following spells:

 Your Spells              Type           Power        Failure   Level  Hunger
a - Flame Tongue          Conj/Fire      ###..        1%          1    #......
b - Throw Flame           Conj/Fire      ###...       3%          2    ##.....
c - Conjure Flame         Conj/Fire      ###.....     8%          3    ###....
d - Sticky Flame          Conj/Fire      ###.....     21%         4    #####..


Dungeon Overview and Level Annotations

Branches:
Dungeon (4/15)
 Temple: D:4-7

Altars:
Cheibriados
Dithmenos
Okawaru
Vehumet
Yredelemnul
Zin


Innate Abilities, Weirdness & Mutations

You are small and have problems with some larger weapons.
You are carnivorous and can eat meat at any time.
You are dopey. (Int -2)
You are resistant to hostile enchantments.
You are somewhat resistant to further mutation.


Message History

You feel sick.
You are very lightly contaminated with residual magic.
Drink which item? (? for menu, Esc to quit)
It was a potion of degeneration.
There was something very wrong with that liquid.
You feel weakened.
* * * LOW HITPOINT WARNING * * *
You feel sick.
Drink which item? (? for menu, Esc to quit)
It was a potion of mutation.
You feel extremely strange.
You feel stupid.
You feel genetically stable.
You feel resistant to hostile enchantments.
Drink which item? (? for menu, Esc to quit)
It was a potion of poison.
That liquid tasted very nasty...
You are more poisoned.
* * * LOW HITPOINT WARNING * * *
You feel very sick.
Drink which item? (? for menu, Esc to quit)
It was a potion of haste.
You feel yourself speed up.
You die...

..##.####...#####........#.##.###
...........## #...####......#(.
#######...## #...# ###.##....
#.### #...# #.####.. ##
#.#########...# #.#####. .####
#..#......#...# #.......
....###....####.##.##### #######.
....##.....#...........# #..
..[...........†.@...##.# #####..
....##.....#........##.####...#..
..#.###.......[..#............###
.##.#..<....###.#.#.##.##.......#
....#.##.##.##.#.###.#.##.##.##.#
#####.# .##.#.#.# ##..##.##.##.#
#.# .# ..#.# ##.##.##.##.# #.#
....#.#.## ##.###.##.##.#
#.####..##.#.###..# #.......#


There were no monsters in sight!

Vanquished Creatures
  A hungry ghost (D:4)
  An ice beast (D:4)
  2 ogres (D:4)
  A scorpion (D:4)
  3 orc wizards
  An iguana (D:4)
  An orc priest (D:3)
  A worker ant (D:4)
  10 adders
  A gnoll (D:1)
  An ooze (D:3)
  3 worms
  17 orcs
  9 giant cockroaches
  8 goblins
  9 hobgoblins
  12 jackals
  2 quokkas
  6 ball pythons
  8 bats
  2 giant geckos
  6 giant newts
  4 kobolds
  6 rats
115 creatures vanquished.

Notes
Turn   | Place    | Note
--------------------------------------------------------------
     0 | D:1      | HaroldButt the Kobold Fire Elementalist began the quest for the Orb.
     0 | D:1      | Reached XP level 1. HP: 10/10 MP: 3/3
    23 | D:1      | Reached skill level 1 in Conjurations
   143 | D:1      | Reached XP level 2. HP: 15/15 MP: 3/5
   596 | D:1      | Reached XP level 3. HP: 19/19 MP: 4/6
   790 | D:1      | Learned a level 2 spell: Throw Flame
   794 | D:1      | Learned a level 3 spell: Conjure Flame
  1764 | D:1      | Reached XP level 4. HP: 24/24 MP: 3/7
  2426 | D:2      | Found a radiant altar of Vehumet.
  2426 | D:2      | Found a basalt altar of Yredelemnul.
  2427 | D:2      | Found a glowing silver altar of Zin.
  2504 | D:2      | Found a snail-covered altar of Cheibriados.
  2506 | D:2      | Found a shadowy altar of Dithmenos.
  2557 | D:2      | Reached XP level 5. HP: 18/28 MP: 5/8
  3498 | D:3      | Found an iron altar of Okawaru.
  3797 | D:3      | Reached skill level 4 in Fire Magic
  4104 | D:2      | Became a worshipper of Vehumet
  4212 | D:3      | Reached XP level 6. HP: 25/32 MP: 2/9
  4945 | D:4      | Reached skill level 5 in Fire Magic
  4945 | D:4      | Reached XP level 7. HP: 20/36 MP: 1/11
  5575 | D:4      | Noticed a hungry ghost
  5604 | D:4      | Killed a hungry ghost
  5725 | D:4      | Reached * piety under Vehumet
  5725 | D:4      | Offered knowledge of Freeze by Vehumet.
  5744 | D:4      | Noticed an ice beast
  5786 | D:4      | Killed an ice beast
  5786 | D:4      | Reached skill level 5 in Conjurations
  5855 | D:4      | Learned a level 4 spell: Sticky Flame
  5968 | D:4      | Reached skill level 6 in Fire Magic
  5968 | D:4      | Reached XP level 8. HP: 41/41 MP: 0/13
  6288 | D:4      | Gained mutation: You are dopey. (Int -2) [potion of mutation]
  6288 | D:4      | Gained mutation: You are somewhat resistant to further mutation. [potion of mutation]
  6288 | D:4      | Gained mutation: You are resistant to hostile enchantments. [potion of mutation]
  6289 | D:4      | HP: 1/41 [poison (a potion of poison)]
  6290 | D:4      | Succumbed to poison (a potion of poison)

Action                   |  1- 3 |  4- 6 |  7- 9 || total
-------------------------+-------+-------+-------++-------
Melee: Unarmed           |     9 |       |       ||     9
       Dagger            |    50 |    67 |       ||   117
       Rapier            |       |       |    31 ||    31
 Cast: Flame Tongue      |    49 |   110 |    12 ||   171
       Throw Flame       |     7 |    10 |    32 ||    49
       Conjure Flame     |       |     4 |     3 ||     7
       Sticky Flame      |       |       |     1 ||     1
  Use: Scroll            |       |     6 |     3 ||     9
       Potion            |       |       |     5 ||     5
 Stab: Sleeping          |       |     6 |     4 ||    10
  Eat: Chunk             |    13 |    13 |     3 ||    29
